 Dungeon Crawl Stone Soup version 0.28-a0-1182-g381e24db82 (webtiles) character file.

Game seed: 7542132849487415349

657 LadyOphelia the Grave Robber (level 7, 0/48 HPs)
             Began as a Demonspawn Necromancer on Dec 17, 2021.
             Slain by Dowan (3 damage)
             ... on level 5 of the Dungeon.
             The game lasted 00:21:11 (5227 turns).

LadyOphelia the Grave Robber (DsNe)                 Turns: 5227, Time: 00:21:15

Health: 0/48       AC:  7    Str: 18    XL:     7   Next: 29%
Magic:  3/14       EV: 12    Int: 24    God:
Gold:   170        SH:  0    Dex: 14    Spells: 5/16 levels left

rFire   . . .      SeeInvis .   e - +0 dagger
rCold   x . .      Faith    .   (no shield)
rNeg    . . .      Spirit   .   a - +2 robe
rPois   .          Reflect  .   (no helmet)
rElec   .          Harm     .   (no cloak)
rCorr   .          Rampage  .   (no gloves)
Will    .....                   j - +2 pair of boots
Stlth   ++........              c - amulet of the acrobat
HPRegen 0.16/turn               h - ring of wizardry
MPRegen 0.14/turn               x - ring of Oropaus {*Corrode Fly rC- Str+10 Int+6}

@: mighty, flying
A: hooves 1, spiny 2
a: no special abilities


You were on level 5 of the Dungeon.
You visited 1 branch of the dungeon, and saw 5 of its levels.

You collected 170 gold pieces.

Inventory:

Hand Weapons
 e - a +0 dagger (weapon)
 l - a +0 short sword of electrocution
Missiles
 s - a throwing net
Armour
 a - a +2 robe (worn)
 j - a +2 pair of boots (worn)
 w - a scarf of harm
Jewellery
 b - an amulet of faith
 c - an amulet of the acrobat (around neck)
 h - a ring of wizardry (left hand)
 u - a +4 ring of evasion
 x - the ring of Oropaus (right hand) {*Corrode Fly rC- Str+10 Int+6}
   (You found it on level 4 of the Dungeon)

   [ring of intelligence]

   Str:       It affects your strength (+10).
   Int:       It affects your intelligence (+6).
   rC:        It makes you vulnerable to cold.
   Fly:       It grants you flight.
   *Corrode:  It may corrode you when you take damage.
Scrolls
 d - a scroll of enchant armour
 g - a scroll of blinking
 k - 2 scrolls of teleportation {unknown}
 m - a scroll of magic mapping {unknown}
 p - a scroll of fear {unknown}
 r - a scroll of identify
Potions
 f - a potion of attraction {unknown}
 i - a potion of lignification
 n - a potion of mutation {unknown}
 o - 2 potions of might
 q - a potion of degeneration {unknown}
 t - a potion of haste {unknown}


   Skills:
 + Level 1.2 Fighting
 + Level 1.2 Short Blades
 + Level 2.3 Dodging
 + Level 2.8 Stealth
 + Level 5.1 Spellcasting
 + Level 6.7 Necromancy


You had 5 spell levels left.
You knew the following spells:

 Your Spells              Type           Power      Damage    Failure   Level
a - Pain                  Necr           100%       1d9       1%          1
b - Animate Skeleton      Necr           76%        N/A       1%          1
c - Vampiric Draining     Necr           38%        2d8       1%          3
d - Animate Dead          Necr           19%        N/A       2%          4
e - Ensorcelled Hibernat  Hex/Ice        12%        N/A       5%          2

Your spell library contained the following spells:

 Spells                   Type           Power      Damage    Failure   Level
 Agony                    Necr           38%        N/A       6%          5
 Tukima's Dance           Hex            6%         N/A       11%         3


Dungeon Overview and Level Annotations

Branches:
Dungeon (5/15)             Temple (0/1) D:4

Altars:
Fedhas

Annotations:
D:4 exclusion: oklob plant
D:5 Dowan


Innate Abilities, Weirdness & Mutations

You have large cloven feet.
You are mostly covered in sharp spines.


Message History

You hit Duvessa but do no damage.
Duvessa is heavily wounded.
Duvessa hits you with a +0 short sword.
You closely miss Duvessa.
Duvessa is heavily wounded.
Duvessa is struck by your spines. Duvessa hits you with a +0 short sword.
You closely miss Duvessa.
Duvessa is severely wounded.
Duvessa closely misses you.
You hit Duvessa but do no damage.
Duvessa is severely wounded.
Duvessa hits you but does no damage.
You barely miss Duvessa.
Duvessa is severely wounded.
Dowan casts a spell.
Dowan blinks!
Duvessa completely misses you.
You feel better. Duvessa hits you with a +0 short sword.
You feel very mighty all of a sudden. Duvessa barely misses you.
You puncture Duvessa!
You kill Duvessa!
Dowan screams, "No!
No!"
Dowan seems to find hidden reserves of power!
Your Spellcasting skill increases to level 5!
Dowan gestures at you while chanting. The stone arrow hits you!
Items here: $ ) [ †.
Dowan casts a spell at you. The stone arrow misses you.
Dowan hits you but does no damage.
Items here: $ ) [ †.
You puncture Dowan!
Dowan is heavily wounded.
Dowan is struck by your spines. Dowan misses you.
You hit Dowan.
Dowan is severely wounded.
Dowan gestures at you while chanting. The stone arrow hits you!
* * * LOW HITPOINT WARNING * * *
Dowan hits you with a +0 dagger.
You die...

## ## #<. .#
+..### .#
#....###.#.#
####..@e...#
#..#.###.#.#
#<...# .#
#..#.......
##...##.#.#
<....#.#>#
........# #
..........
..........#


You could see Dowan (fast).

Vanquished Creatures
  Duvessa (D:5)
  A water moccasin (D:5)
  2 necrophages
  A scorpion (D:3)
  A jelly (D:4)
  An iguana (D:4)
  3 gnolls (D:4)
  5 adders
  An ufetubus (D:4)
  2 worms (D:3)
  4 dart slugs
  8 orcs
  5 ball pythons
  2 bats
  4 endoplasms
  7 goblins
  7 hobgoblins
  2 jackals (D:4)
  9 kobolds
  4 quokkas
  A rat (D:2)
71 creatures vanquished.

Vanquished Creatures (others)
  A fungus (D:2)
  2 plants (D:2)
3 creatures vanquished.

Grand Total: 74 creatures vanquished

Notes
Turn   | Place    | Note
-------+----------+-------------------------------------------
     0 | D:1      | LadyOphelia the Demonspawn Necromancer began the quest for
                  | the Orb.
     0 | D:1      | Reached XP level 1. HP: 13/13 MP: 3/3
   578 | D:1      | Learned a level 1 spell: Animate Skeleton
   835 | D:1      | Gained mutation: You are partially covered in sharp spines.
                  | [demonic ancestry]
   835 | D:1      | Reached XP level 2. HP: 18/19 MP: 3/5
  1662 | D:2      | Found a faded altar of an unknown god.
  1955 | D:2      | Reached skill level 5 in Necromancy
  2051 | D:2      | Reached XP level 3. HP: 24/24 MP: 6/6
  2185 | D:3      | Noticed a scorpion
  2198 | D:3      | Killed a scorpion
  2199 | D:3      | Reached XP level 4. HP: 24/31 MP: 0/8
  2615 | D:3      | Noticed a necrophage
  2657 | D:3      | Killed a necrophage
  2658 | D:3      | Reached skill level 1 in Short Blades
  2658 | D:3      | Gained mutation: You have large cloven feet. [demonic
                  | ancestry]
  2658 | D:3      | Reached XP level 5. HP: 4/36 MP: 8/10
  2955 | D:3      | Learned a level 3 spell: Vampiric Draining
  2960 | D:3      | Learned a level 4 spell: Animate Dead
  2973 | D:3      | Reached skill level 1 in Fighting
  3540 | D:4      | Found a staircase to the Ecumenical Temple.
  3602 | D:4      | Reached skill level 6 in Necromancy
  3602 | D:4      | Gained mutation: You are mostly covered in sharp spines.
                  | [demonic ancestry]
  3602 | D:4      | Reached XP level 6. HP: 10/43 MP: 7/11
  4115 | D:4      | Learned a level 2 spell: Ensorcelled Hibernation
  4368 | D:4      | Found a blossoming altar of Fedhas.
  4381 | D:4      | Noticed an oklob plant
  4627 | D:4      | Identified the ring of Oropaus {*Corrode Fly rC- Str+10
                  | Int+6}
  5198 | D:5      | Entered Level 5 of the Dungeon
  5201 | D:5      | Noticed Dowan
  5201 | D:5      | Noticed a water moccasin
  5202 | D:5      | Noticed Duvessa
  5208 | D:5      | Killed a water moccasin
  5209 | D:5      | Reached XP level 7. HP: 45/48 MP: 9/14
  5222 | D:5      | Killed Duvessa
  5223 | D:5      | Reached skill level 5 in Spellcasting
  5227 | D:5      | Slain by Dowan

Illustrated notes

Levels and vault maps discovered:
D:1:      dpeg_arrival_refuge, layout_loops_ring
D:2:      layout_rooms, shapermc_ecumenical_altar_mp_ritualfount,
          kennysheep_minor_cross
D:3:      layout_rooms
D:4:      layout_loops_cross, tgw_fedhas, minmay_temple_entry_junction_2,
          minmay_starry_boxes
D:5:      layout_loops_ring, grunt_temple_overflow_bloody_war,
          grunt_decor_fettered, uniq_duvessa

Skill      XL: |  1  2  3  4  5  6  7 |
---------------+----------------------+-----
Stealth        | 2 |  2.8
Necromancy     | 5 6 |  6.7
Spellcasting   | 3 4 5 |  5.1
Short Blades   | 1 |  1.2
Dodging        | 2 |  2.3
Fighting       | 1 |  1.2

Action                   |  1- 3 |  4- 6 |  7- 9 || total
-------------------------+-------+-------+-------++-------
Melee: Dagger            |    50 |    64 |     8 ||   122
       Unarmed           |    12 |       |       ||    12
       Short sword       |     6 |       |       ||     6
 Cast: Pain              |    26 |    77 |     5 ||   108
       Animate Skeleton  |       |     1 |       ||     1
       Vampiric Draining |       |       |     1 ||     1
  Use: Scroll            |     4 |     1 |       ||     5
       Potion            |       |       |     2 ||     2
 Stab: Sleeping          |     3 |     1 |       ||     4
Armor: Robe              |    13 |    24 |     3 ||    40
Dodge: Dodged            |    48 |    46 |     6 ||   100

Table legend: (Time is in decaauts)
 A = Elapsed time spent in this place.
 B = Non-inter-level travel time spent in this place.
 C = Inter-level travel time spent in this place.
 D = Time resting spent in this place.
 E = Time spent auto-exploring this place.
 F = Levels seen in this place.
 G = Mean time per level.
                   A        B        C        D        E       F      G
               +--------+--------+--------+--------+--------+-----+--------+
         Total |   5228 |   5146 |     82 |   2411 |   1861 |   5 | 1045.6 |
       Dungeon |   5228 |   5146 |     82 |   2411 |   1861 |   5 | 1045.6 |
               +--------+--------+--------+--------+--------+-----+--------+

Top non-repeatable levels by time:
     D:4: 1724 daAuts
     D:1: 1390 daAuts
     D:3: 1325 daAuts
     D:2: 759 daAuts
     D:5: 28 daAuts
